 Dungeon Crawl Stone Soup version 0.25-a0-279-g53730b6a6f (webtiles) character file.

Game seed: 13209950500961478493, levelgen mode: deterministic

184 MoonlitKnight the Poker (level 5, -3/38 HPs)
             Began as a Merfolk Skald on Dec 10, 2019.
             Killed from afar by an orc wizard (12 damage)
             ... with a puff of flame
             ... on level 3 of the Dungeon.
             The game lasted 00:06:24 (3002 turns).

MoonlitKnight the Poker (Merfolk Skald)             Turns: 3002, Time: 00:06:25

Health: -3/38      AC:  5    Str: 12    XL:     5   Next: 64%
Magic:  2/8        EV: 13    Int: 12    God:
Gold:   97         SH:  0    Dex: 14    Spells: 2/8 levels left

rFire    . . .     SeeInvis .   a - +0 spear
rCold    . . .     Gourm    .   (no shield)
rNeg     . . .     Faith    .   m - +0 ring mail
rPois    .         Spirit   .   (no helmet)
rElec    .         Reflect  .   (no cloak)
rCorr    .         Harm     .   (no gloves)
MR       .....                  (no boots)
Stlth    +.........             (no amulet)
HPRegen  0.12/turn              (no ring)
MPRegen  0.11/turn              (no ring)

@: infused (expiring)
A: change form in water, swift swim, stealthy swim
a: no special abilities


You were on level 3 of the Dungeon.
You were not hungry.

You visited 1 branch of the dungeon, and saw 3 of its levels.

You collected 97 gold pieces.

Inventory:

Hand Weapons
 a - a +0 spear (weapon)
Missiles
 l - 21 sling bullets
Armour
 b - a +0 leather armour
 m - a +0 ring mail (worn)
Scrolls
 g - a scroll of teleportation {unknown}
 i - a scroll of magic mapping {unknown}
 k - a scroll of immolation {unknown}
 n - 3 scrolls of identify {unknown}
 o - 3 scrolls of remove curse {unknown}
 p - a scroll of enchant armour {unknown}
 q - a scroll of fog {unknown}
Potions
 c - 2 potions of flight {unknown}
 e - a potion of mutation {unknown}
 h - a potion of curing {unknown}
 j - 3 potions of heal wounds {unknown}
Comestibles
 d - 4 rations


   Skills:
 - Level 2.1 Fighting
 + Level 6.1 Polearms
 - Level 0.6 Armour
 + Level 5.6 Dodging
 - Level 2.0 Spellcasting
 - Level 3.3 Charms


You had 2 spell levels left.
You knew the following spells:

 Your Spells              Type           Power        Failure   Level  Hunger
a - Infusion              Chrm           #...         16%         1    ##.....
b - Shroud of Golubria    Chrm/Tloc      #.....       43%         2    ###....
c - Spectral Weapon       Hex/Chrm       #.......     67%         3    ####...

Your spell library contained the following spells:

 Spells                   Type           Power        Failure   Level  Hunger
 Song of Slaying          Chrm           #.......     24%         2    ###....
 Regeneration             Chrm/Necr      #.........   67%         3    ####...


Dungeon Overview and Level Annotations

Branches:
Dungeon (3/15)

Altars:


Message History

The orc wizard closely misses you.
The orc wizard hits you but does no damage.
You barely miss the orc wizard.
The orc wizard is heavily wounded.
The orc wizard hits you but does no damage.
You hit the orc wizard.
The orc wizard is severely wounded.
The orc wizard barely misses you.
The orc wizard points at you and mumbles some strange words.
The puff of frost hits you!
You closely miss the orc wizard.
The orc wizard is severely wounded.
The orc wizard hits you but does no damage.
The orc wizard hits you with a +0 dagger.
* * * LOW HITPOINT WARNING * * *
You closely miss the orc wizard.
The orc wizard is severely wounded.
The orc wizard casts a spell at you. The puff of flame hits you!
You die...

.....#...####
............#
............#
............#
............#
............#
............#
.##.#.......#
#'#..@....#
#.....oo#####
......s..
#........#
#.........
#.##.......
#. #.......
#.......#


You could see 2 orc wizards and a giant cockroach.

Vanquished Creatures
  2 orc wizards (D:2)
  3 adders (D:2)
  2 oozes
  An adder zombie (D:2)
  A worm (D:2)
  2 dart slugs
  3 leopard geckos (D:2)
  4 orcs
  5 bats
  5 giant cockroaches
  6 hobgoblins
  11 jackals
  2 kobolds
  A quokka (D:2)
  2 ball pythons
  4 frilled lizards
  13 goblins
  5 rats
72 creatures vanquished.

Notes
Turn   | Place    | Note
-------+----------+-------------------------------------------
     0 | D:1      | MoonlitKnight the Merfolk Skald began the quest for the
                  | Orb.
     0 | D:1      | Reached XP level 1. HP: 16/16 MP: 3/3
   113 | D:1      | Reached XP level 2. HP: 7/22 MP: 5/5
   547 | D:1      | Reached skill level 4 in Polearms
   596 | D:1      | Reached XP level 3. HP: 26/27 MP: 0/6
  1276 | D:2      | Learned a level 2 spell: Shroud of Golubria
  1280 | D:2      | Learned a level 3 spell: Spectral Weapon
  1395 | D:2      | Reached XP level 4. HP: 30/33 MP: 2/7
  1414 | D:2      | Reached skill level 5 in Polearms
  2172 | D:2      | Reached skill level 5 in Dodging
  2192 | D:2      | Reached XP level 5. HP: 15/38 MP: 2/8
  2615 | D:2      | Reached skill level 6 in Polearms
  3002 | D:3      | Killed from afar by an orc wizard

Levels and vault maps discovered:
D:1:      psy_arrival_basics, layout_basic, minmay_tree_intersection,
          minmay_door_square, hangedman_decor_peaks_small
D:2:      layout_loops_ring
D:3:      layout_basic

Skill      XL: |  1  2  3  4  5 |
---------------+----------------+-----
Dodging        | 3 4 5 |  5.6
Polearms       | 4 5 6 |  6.1
Fighting       | |  2.1
Armour         | |  0.6
Spellcasting   | |  2.0
Charms         | |  3.3

Action                   |  1- 3 |  4- 6 || total
-------------------------+-------+-------++-------
Melee: Spear             |   130 |   174 ||   304
 Cast: Infusion          |    14 |    15 ||    29
       Shroud of Golubri |     1 |       ||     1
 Stab: Sleeping          |     1 |       ||     1
  Eat: Chunk             |     2 |     6 ||     8
Armor: Leather armour    |    22 |       ||    22
       Ring mail         |    12 |    45 ||    57
Dodge: Dodged            |    56 |    81 ||   137

Table legend:
 A = Non-vault XP
 B = Vault XP
 C = Vault XP percentage of total XP
 D = Non-vault monster count
 E = Vault monster count
 F = Vault count percentage of total count
                 A         B        C        D         E       F
            +---------+---------+-------+---------+---------+-------
      Total |     264 |       0 |   0.0 |      72 |       0 |   0.0
            +---------+---------+-------+---------+---------+-------
        D:1 |      52 |       0 |   0.0 |      28 |       0 |   0.0
        D:2 |     194 |       0 |   0.0 |      38 |       0 |   0.0
        D:3 |      18 |       0 |   0.0 |       6 |       0 |   0.0
            +---------+---------+-------+---------+---------+-------
